Map: World of Sleepers LE

Players

Ratl

  • Race: Protoss Protoss
  • League: Gold
  • Spawn Location: 1:00

MrFOX - Winner!

  • Race: Terran Terran
  • League: Platinum
  • Spawn Location: 7:00

VOD

Have the link to the VOD?

Description

Time

  • Played on: Feb. 17, 2020, 11:08 a.m.
  • Length: 13:00
Show
View Real Time Build Order
Export as new Build Order

Ratl Protoss 

Build Orders:  

Get SALT Encoding   

  12  0:01  Probe  
  13  0:13  Probe  
  14  0:20  Pylon  
  14  0:25  Probe (Chrono Boost)  
  15  0:39  Probe (Chrono Boost)  
  15  0:42  Gateway  
  16  0:44  Probe (Chrono Boost)  
  17  0:56  Probe  
  18  1:08  Probe (Chrono Boost)  
  19  1:16  Assimilator  
  19  1:18  Probe (Chrono Boost)  
  20  1:23  Probe (Chrono Boost), Gateway  
  21  1:29  Cybernetics Core  
  21  1:37  Probe  
  22  1:49  Probe, Assimilator  
  23  2:07  Nexus  
  23  2:09  Pylon  
  23  2:21  Probe  
  23  2:23  Warp Gate  
  23  2:27  Stalker (Chrono Boost)  
  24  2:33  Probe  
  23  2:45  Probe  
  21  2:57  Probe  
  21  2:58  Stalker (Chrono Boost)  
  24  3:09  Probe, Stalker  
  27  3:19  Probe  
  28  3:21  Probe  
  28  3:24  Sentry  
  31  3:31  Probe  
  30  3:37  Probe  
  30  3:41  Stalker  
  33  3:43  Probe  
  34  3:49  Probe  
  34  3:53  Stalker  
  34  3:55  Probe  
  38  4:01  Probe  
  39  4:07  Probe  
  37  4:10  Stalker  
  37  4:15  Probe (Chrono Boost)  
  40  4:19  Probe (Chrono Boost)  
  41  4:30  Probe x2 (Chrono Boost)  
  43  4:37  Probe x2, Robotics Facility  
  45  4:42  Pylon  
  45  4:46  Pylon  
  40  4:52  Stalker  
  40  4:54  Sentry  
  42  5:11  Probe x2  
  44  5:23  Probe x2  
  44  5:24  Observer  
  47  5:35  Probe x2  
  49  5:41  Forge  
  49  5:42  Forge  
  49  5:43  Gateway  
  49  5:45  Immortal  
  49  5:46  Forge  
  49  5:47  Probe  
  49  5:49  Gateway  
  53  5:51  Gateway  
  53  5:58  Stalker x2  
  55  6:14  Probe x2  
  57  6:25  Stalker x2  
  59  6:26  Probe x2  
  59  6:38  Probe x2  
  60  6:50  Probe x2  
  62  6:54  Pylon  
  62  6:59  Assimilator  
  62  7:00  Assimilator  
  62  7:01  Pylon  
  62  7:12  Probe x2, Immortal  
  62  7:13  Protoss Ground Weapons Level 1 (Chrono Boost), Protoss Shields Level 1 (Chrono Boost)  
  68  7:16  Protoss Ground Armor Level 1 (Chrono Boost)  
  68  7:24  Probe x2  
  68  7:25  Pylon  
  70  7:38  Probe x2  
  70  7:41  Nexus  
  70  7:44  Pylon  
  72  7:46  Pylon, Stalker x2  
  72  7:50  Probe x2  
  78  7:55  Immortal  
  82  8:02  Probe x2  
  84  8:06  Twilight Council  
  84  8:14  Probe x2  
  86  8:25  Zealot x2  
  86  8:26  Probe x2  
  92  8:38  Probe x2  
  94  8:41  Immortal  
  94  8:47  Templar Archives  
  98  8:55  Photon Cannon  
  98  9:09  Photon Cannon  
  98  9:13  Probe (Chrono Boost), Photon Cannon  
  101  9:17  Shield Battery, Probe (Chrono Boost)  
  101  9:18  Probe (Chrono Boost)  
  101  9:19  Photon Cannon  
  101  9:20  Stalker x2  
  106  9:24  Probe (Chrono Boost)  
  106  9:26  Immortal  
  106  9:27  Probe (Chrono Boost)  
  106  9:28  Probe (Chrono Boost)  
  106  9:29  Probe (Chrono Boost)  
  113  9:37  Probe x2, Protoss Ground Armor Level 2 (Chrono Boost)  
  115  9:40  Protoss Ground Weapons Level 2 (Chrono Boost), Protoss Shields Level 2 (Chrono Boost)  
  115  9:49  Probe x2  
  117  9:57  Pylon  
  117  10:06  Pylon  
  117  10:08  Pylon  
  117  10:10  Pylon  
  117  10:12  Pylon  
  117  10:15  Probe x3  
  120  10:27  Probe x3, Assimilator  
  123  10:28  Assimilator  
  123  10:31  Nexus  
  123  10:35  Assimilator  
  123  10:39  Probe, Assimilator  
  122  10:46  Immortal  
  126  10:50  High Templar x2  
  130  10:57  Probe  
  130  10:58  Probe x2  
  130  11:02  Archon  
  133  11:10  Probe x2  
  135  11:15  Gateway x2  
  135  11:17  Gateway  
  135  11:20  Gateway  
  135  11:23  Gateway  
  135  11:30  Probe x3  
  135  11:32  Gateway  
  138  11:33  Gateway  
  138  11:35  Gateway x2  
  138  11:38  Gateway  
  138  11:41  Gateway  
  138  11:42  Probe  
  138  11:44  Gateway  
  138  11:46  Gateway  
  126  11:49  Stalker x5  
  94  11:59  Immortal  
  85  12:13  Stalker x2  
  84  12:17  Zealot  
  84  12:19  High Templar x2  
  84  12:20  High Templar  
  72  12:23  Archon  
  72  12:37  Stalker x3  
  74  12:38  Stalker  
  74  12:39  Zealot x2  
  62  12:53  Stalker x3  
Show
View Real Time Build Order
Export as new Build Order

MrFOX Terran - Winner!

Build Orders:  

Get SALT Encoding   

  12  0:01  SCV  
  13  0:13  SCV  
  14  0:19  Supply Depot  
  14  0:25  SCV  
  15  0:41  SCV  
  16  0:44  Barracks  
  16  0:52  Refinery  
  16  0:54  SCV  
  17  1:00  Refinery  
  17  1:06  SCV  
  18  1:12  Barracks  
  18  1:18  SCV  
  19  1:30  SCV  
  20  1:34  Reaper  
  22  1:48  Orbital Command  
  22  1:50  Supply Depot  
  21  2:02  Reaper  
  21  2:06  Reaper  
  23  2:34  Reaper  
  24  2:38  Reaper  
  25  2:56  Barracks  
  24  3:06  Reaper  
  24  3:11  Reaper  
  24  3:12  Factory  
  26  3:15  SCV  
  26  3:38  Reaper  
  27  3:43  Reaper  
  29  3:48  Reaper  
  29  3:51  Barracks  
  29  3:55  Supply Depot  
  29  4:10  Reaper  
  29  4:15  Reaper  
  30  4:20  Reaper  
  31  4:40  Barracks, Command Center  
  31  4:41  Barracks  
  31  4:42  Reaper  
  31  4:44  Barracks  
  27  5:12  Marine  
  27  5:13  Marine x2  
  28  5:15  Factory Tech Lab  
  28  5:30  Marine x3  
  31  5:37  Marine x4  
  35  5:46  SCV  
  35  5:48  Marine x3  
  39  5:55  Marine x4  
  43  5:58  SCV  
  39  6:06  Marine x2  
  38  6:12  Marine  
  38  6:13  Marine  
  38  6:18  SCV  
  41  6:22  Bunker  
  41  6:23  Marine  
  41  6:24  Marine  
  42  6:30  SCV  
  38  6:42  SCV  
  39  6:53  Bunker  
  37  6:54  SCV, Orbital Command  
  38  7:06  SCV  
  39  7:09  Marine x4  
  43  7:16  Siege Tank  
  43  7:18  SCV  
  43  7:21  SCV  
  48  7:28  Supply Depot  
  52  7:30  Starport, SCV  
  52  7:33  Barracks Tech Lab x4  
  49  7:41  Bunker  
  49  7:45  SCV x2  
  49  7:48  Siege Tank  
  54  7:53  Marauder  
  54  7:54  Marauder  
  54  7:57  Marauder, SCV x2  
  62  8:05  Refinery  
  62  8:08  Supply Depot  
  62  8:12  Supply Depot  
  62  8:13  Supply Depot  
  62  8:22  Concussive Shells  
  62  8:25  Stimpack  
  62  8:27  Starport Reactor  
  62  8:29  Siege Tank, Marauder, SCV, Combat Shield  
  62  8:30  Marauder  
  62  8:33  SCV  
  62  8:34  Marauder  
  73  8:39  Refinery  
  73  8:41  SCV  
  73  8:45  SCV  
  73  8:46  Starport  
  75  8:51  Supply Depot  
  75  8:52  Barracks Reactor  
  75  8:53  SCV  
  76  8:58  SCV  
  77  9:04  Marauder  
  77  9:05  Marauder x3  
  77  9:06  SCV  
  86  9:12  SCV  
  87  9:18  SCV  
  88  9:26  Marauder x2  
  92  9:35  Marauder  
  92  9:36  Command Center  
  94  9:49  Supply Depot  
  94  9:50  Supply Depot x2  
  94  9:53  Supply Depot  
  94  10:02  Starport Tech Lab  
  94  10:10  Medivac x2  
  94  10:11  Marauder x2, Siege Tank, Marine  
  94  10:12  Marauder x2, Marine  
  111  10:29  Marine x2  
  111  10:32  Marauder, Marine  
  111  10:33  Marauder  
  118  10:40  Medivac  
  120  10:43  Siege Tank  
  123  11:01  Orbital Command, SCV  
  123  11:02  SCV  
  125  11:07  Marauder  
  125  11:08  Marauder x3, Marine  
  134  11:14  SCV x2  
  136  11:26  SCV x2  
  136  11:29  Marauder  
  140  11:38  SCV  
  141  11:44  Marauder, SCV  
  141  11:45  Marauder x2  
  134  11:50  SCV  
  123  11:56  SCV  
  121  12:01  Marauder  
  121  12:03  Marine x2  
  121  12:05  Marauder  
  121  12:06  Marauder x2  
  129  12:09  Medivac x2  
  134  12:23  Marauder  
  134  12:27  Marauder x2  
  134  12:28  Marauder  
  140  12:30  Command Center  
Tags
 
Add a new tag
Caveats
  • Supply blocks, unpowered buildings, or Contaminate may cause inaccurate times.
  • Supply counts are checked every 10 seconds.